 Dungeon Crawl Stone Soup version 0.25-a0-1119-g28b6fd0c3b (webtiles) character file.

Game seed: 6712035515176135784, levelgen mode: deterministic

1322 MisterFreud the Nimble (level 8, -4/54 HPs)
             Began as an Octopode Gladiator on May 17, 2020.
             Was an Initiate of Ru.
             Killed by nerve-wracking pain
             ... invoked by an orc priest
              (10 damage)
             ... on level 6 of the Dungeon.
             The game lasted 00:08:53 (6939 turns).

MisterFreud the Nimble (Octopode Gladiator)         Turns: 6939, Time: 00:08:54

Health: -4/54      AC:  1    Str: 11 (13) XL:     8   Next: 59%
Magic:  8/8        EV: 16    Int: 10 (12) God:    Ru [......]
Gold:   199        SH:  0    Dex: 10 (14) Spells: 7/7 levels left

rFire    . . .     SeeInvis .   a - +0 long sword
rCold    . . .     Gourm    .   (no shield)
rNeg     . . .     Faith    +   b - +0 hat
rPois    .         Spirit   .   s - amulet of faith
rElec    .         Reflect  .   (no ring)
rCorr    .         Harm     .   (no ring)
MR       .....                  (no ring)
Stlth    ++........             (no ring)
HPRegen  0.18/turn              (no ring)
MPRegen  0.11/turn              (no ring)
                                (no ring)
                                (no ring)

@: lightly drained
A: almost no armour, stealthy swim, amphibious, 8 rings, constrict 8, camouflage
1, gelatinous body 1
a: Renounce Religion


You were on level 6 of the Dungeon.
You worshipped Ru.
Ru was noncommittal.
You were not hungry.

You visited 1 branch of the dungeon, and saw 6 of its levels.

You collected 199 gold pieces.

Inventory:

Hand Weapons
 a - a +0 long sword (weapon)
 B - a cursed -1 war axe
Missiles
 c - 4 throwing nets (quivered)
 g - 25 poisoned darts
 h - 255 stones
 j - 57 arrows
 t - 3 boomerangs
 u - 43 sling bullets
 v - 6 atropa-tipped darts
 w - 46 bolts
Armour
 b - a +0 hat (worn)
Jewellery
 i - an uncursed ring of fire
 s - an amulet of faith (around mantle)
Wands
 G - a wand of random effects (32)
Scrolls
 e - 3 scrolls of magic mapping {unknown}
 f - a scroll of random uselessness {unknown}
 l - 4 scrolls of fog {unknown}
 n - 2 scrolls of amnesia {unknown}
 o - 7 scrolls of identify {unknown}
 q - 6 scrolls of remove curse {unknown}
 x - a scroll of enchant armour {unknown}
 y - 3 scrolls of immolation {unknown}
 C - a scroll of fear {unknown}
Potions
 k - a potion of lignification {unknown}
 m - a potion of curing
 p - a potion of magic {unknown}
 r - a potion of cancellation {unknown}
 z - 3 potions of might
 A - a potion of mutation {unknown}
 D - a potion of degeneration
 E - a potion of flight {unknown}
 H - 2 potions of ambrosia {unknown}
Comestibles
 d - 15 rations
 F - a chunk of flesh


   Skills:
 + Level 4.5(4.3) Fighting
 + Level 6.4(6.1) Long Blades
 - Level 2.0(1.7) Throwing
 - Level 8.0(7.6) Dodging


You had 7 spell levels left.
You didn't know any spells.
Your spell library was empty.

Dungeon Overview and Level Annotations

Branches:
Dungeon (6/15)
 Temple: D:4-7

Altars:
Dithmenos
Elyvilon
Hepliaklqana
Kikubaaqudgha
Ru

Annotations:
D:6 1 runed translucent door, p0werm0de's ghost, novice OpFi


Innate Abilities, Weirdness & Mutations

You cannot wear most types of armour.
You are very stealthy in the water. (Stealth+)
You are amphibious.
You can wear up to eight rings at the same time.
You can use your tentacles to constrict eight enemies at once.
Your skin changes colour to match your surroundings (Stealth+).
Your rubbery body absorbs attacks. (AC +1, EV +1)


Message History

The orc wizard is moderately wounded.
The orc hits you with a +0 whip.
* * * LOW HITPOINT WARNING * * *
The orc wizard hits you with a +0 dagger.
* * * LOW HITPOINT WARNING * * *
The orc priest begins to cast a cantrip, but forgets the words!
The orc hits you.
* * * LOW HITPOINT WARNING * * *
Unknown command.
Unknown command.
Unknown command.
It was a potion of degeneration.
There was something very wrong with that liquid.
You feel weakened.
You feel dopey.
You feel clumsy. The orc closely misses you.
The orc wizard hits you with a +0 dagger.
* * * LOW HITPOINT WARNING * * *
The orc priest calls down the wrath of Beogh upon you.
Pain shoots through your body!
You die...

......!...# #..........#
#..........# #
#..........# .#
#..........# ##.#
#........".#######...#
#......o....#........# #
#.....ooo.......[....##.
#.....o@................
##...!..................
#..........)...........
####...................
#...................
#...................
###.................
##......#.##......
#..##.........#.


You could see an orc priest, an orc wizard and 3 orcs.

Vanquished Creatures
  Duvessa (D:5)
  A phantom (D:6)
  A black bear (D:5)
  A centaur (D:5)
  An ogre (D:5)
  Dowan (D:5)
  2 scorpions
  2 crimson imps (D:5)
  A bullfrog zombie (D:5)
  A quasit (D:6)
  4 hounds
  Jessica (D:3)
  2 iguanas
  4 worker ants
  Robin (D:2)
  10 gnolls
  5 adders
  A shadow imp (D:6)
  An adder zombie (D:6)
  5 worms
  3 dart slugs
  3 leopard geckos
  6 orcs
  5 bats
  7 giant cockroaches
  14 goblins
  3 hobgoblins (D:2)
  12 jackals
  8 kobolds
  2 quokkas
  2 frilled lizards (D:1)
  A rat (D:3)
112 creatures vanquished.

Notes
Turn   | Place    | Note
-------+----------+-------------------------------------------
     0 | D:1      | MisterFreud the Octopode Gladiator began the quest for the
                  | Orb.
     0 | D:1      | Reached XP level 1. HP: 14/14 MP: 1/1
   125 | D:1      | Reached XP level 2. HP: 20/20 MP: 2/2
   895 | D:1      | Reached XP level 3. HP: 26/26 MP: 3/3
  1757 | D:2      | Reached XP level 4. HP: 30/33 MP: 4/4
  1779 | D:2      | Noticed Robin
  1793 | D:2      | Killed Robin
  2693 | D:3      | Found a hazy altar of Hepliaklqana.
  2693 | D:3      | Found an ancient bone altar of Kikubaaqudgha.
  2709 | D:3      | Found a shadowy altar of Dithmenos.
  2788 | D:3      | Reached XP level 5. HP: 19/37 MP: 5/5
  3119 | D:3      | Found a faded altar of an unknown god.
  3177 | D:3      | Noticed Jessica
  3182 | D:3      | Killed Jessica
  3182 | D:3      | Reached skill level 5 in Long Blades
  3327 | D:4      | Reached XP level 6. HP: 43/43 MP: 6/6
  3743 | D:5      | Entered Level 5 of the Dungeon
  4197 | D:4      | Found a sacrificial altar of Ru.
  4503 | D:4      | Reached skill level 4 in Dodging
  4718 | D:4      | Became a worshipper of Ru the Awakened
  4759 | D:5      | Reached XP level 7. HP: 48/48 MP: 7/7
  4794 | D:5      | Reached skill level 5 in Dodging
  5007 | D:5      | Noticed Dowan
  5008 | D:5      | Noticed Duvessa
  5014 | D:5      | Killed Duvessa
  5025 | D:5      | Killed Dowan
  5025 | D:5      | Reached skill level 6 in Dodging
  5433 | D:5      | Reached XP level 8. HP: 54/54 MP: 8/8
  5639 | D:5      | Reached skill level 7 in Dodging
  6238 | D:5      | Found a white marble altar of Elyvilon.
  6430 | D:6      | Found a runed translucent door.
  6438 | D:6      | Reached skill level 8 in Dodging
  6646 | D:6      | Noticed p0werm0de's ghost (novice OpFi)
  6939 | D:6      | Killed from afar by an orc priest

Illustrated notes

Levels and vault maps discovered:
D:1:      elethiomel_arrival_infinity_welcomes_careful_drivers,
          layout_loops_corners, minmay_tetromino_i4
D:2:      layout_basic, uniq_robin
D:3:      layout_basic, grunt_temple_overflow_open,
          chequers_ecumenical_altar_grove, uniq_jessica
D:4:      layout_basic, grunt_ministairs_6, nicolae_ru_sacrificial_ziggurat
D:5:      black_bear_nest_1, layout_loops_ring, overflow_temple_1_default,
          first_ration, minivault_4, uniq_duvessa
D:6:      layout_rooms, ebering_ghost_reflecting_pool

Skill      XL: |  1  2  3  4  5  6  7  8 |
---------------+-------------------------+-----
Fighting       | 3 4 |  4.5
Long Blades    | 4 5 6 |  6.4
Dodging        | 4 6 8 |  8.0
Throwing       | |  2.0

Action                   |  1- 3 |  4- 6 |  7- 9 || total
-------------------------+-------+-------+-------++-------
Melee: Long sword        |    49 |   105 |   105 ||   259
       Constrict         |    10 |    35 |    24 ||    69
       Tentacles         |     8 |    27 |    27 ||    62
  Use: Potion            |       |     2 |     3 ||     5
 Stab: Sleeping          |     6 |     6 |     1 ||    13
       Distracted        |       |     1 |       ||     1
  Eat: Chunk             |     3 |     9 |     7 ||    19
Armor: Skin              |     3 |     4 |     4 ||    11
Dodge: Dodged            |    22 |    74 |    93 ||   189
       Rpst.: Long sword |     8 |    27 |    21 ||    56

Table legend:
 A = Non-vault XP
 B = Vault XP
 C = Vault XP percentage of total XP
 D = Non-vault monster count
 E = Vault monster count
 F = Vault count percentage of total count
                 A         B        C        D         E       F
            +---------+---------+-------+---------+---------+-------
      Total |    1446 |     443 |  23.5 |      95 |      17 |  15.2
            +---------+---------+-------+---------+---------+-------
        D:1 |      28 |       6 |  17.6 |      15 |       2 |  11.8
        D:2 |      46 |      35 |  43.2 |      14 |      11 |  44.0
        D:3 |     142 |      37 |  20.7 |      19 |       1 |   5.0
        D:4 |     179 |       0 |   0.0 |      15 |       0 |   0.0
        D:5 |     720 |     365 |  33.6 |      22 |       3 |  12.0
        D:6 |     331 |       0 |   0.0 |      10 |       0 |   0.0
            +---------+---------+-------+---------+---------+-------
